Map: King's Cove LE

Players

Takker

  • Race: Protoss Protoss
  • League: Silver
  • Spawn Location: 5:00

Mogli - Winner!

  • Race: Zerg Zerg
  • League: Gold
  • Spawn Location: 11:00

VOD

Have the link to the VOD?

Description

Time

  • Played on: May 26, 2019, 7:52 p.m.
  • Length: 14:14
Show
View Real Time Build Order
Export as new Build Order

Takker Protoss 

Build Orders: Carriers 

Get SALT Encoding   

  12  0:00  Probe  
  13  0:08  Probe  
  14  0:16  Probe  
  15  0:26  Pylon  
  15  0:44  Probe  
  15  0:46  Pylon  
  16  0:50  Gateway  
  16  0:56  Probe  
  17  0:59  Assimilator  
  17  1:09  Probe  
  17  1:17  Assimilator  
  17  1:18  Probe  
  19  1:28  Probe  
  20  1:37  Zealot  
  22  1:40  Probe  
  23  1:52  Probe  
  23  1:53  Pylon  
  24  2:01  Zealot, Forge  
  24  2:05  Probe  
  27  2:17  Probe  
  28  2:25  Cybernetics Core  
  28  2:27  Zealot  
  30  2:38  Gateway  
  30  2:41  Probe  
  31  2:55  Zealot  
  33  3:09  Pylon  
  33  3:15  Nexus  
  33  3:29  Probe  
  33  3:30  Pylon  
  33  3:35  Pylon  
  33  3:45  Sentry  
  33  3:48  Stalker  
  37  4:03  Sentry, Stargate  
  37  4:09  Probe  
  38  4:13  Warp Gate  
  40  4:21  Probe  
  41  4:30  Photon Cannon  
  41  4:33  Probe  
  41  4:37  Photon Cannon  
  42  4:41  Photon Cannon  
  42  4:45  Probe  
  43  4:48  Probe  
  43  4:49  Assimilator  
  44  4:52  Assimilator  
  44  4:55  Probe  
  44  4:56  Probe  
  45  5:04  Probe  
  47  5:14  Void Ray  
  47  5:18  Stalker  
  53  5:22  Probe  
  54  5:30  Probe  
  55  5:38  Probe  
  56  5:44  Zealot  
  56  5:48  Stalker  
  60  5:50  Probe  
  60  5:55  Protoss Ground Weapons Level 1  
  61  6:05  Pylon  
  61  6:08  Void Ray  
  61  6:11  Stalker  
  67  6:19  Fleet Beacon  
  67  6:35  Pylon  
  67  6:38  Pylon  
  67  6:40  Pylon  
  67  6:43  Pylon  
  67  6:59  Probe x2  
  69  7:05  Nexus  
  69  7:07  Pylon  
  69  7:10  Pylon  
  69  7:13  Assimilator  
  69  7:15  Assimilator  
  69  7:29  Carrier  
  75  7:31  Gateway  
  75  7:32  Gateway  
  75  7:44  Stargate  
  75  7:48  Pylon  
  75  7:51  Pylon  
  75  7:59  Probe x2  
  77  8:11  Probe x2  
  79  8:23  Probe  
  80  8:32  Zealot x3  
  80  8:33  Carrier  
  92  8:35  Probe  
  92  8:37  Probe  
  94  8:47  Probe  
  95  8:49  Probe  
  96  8:59  Mothership  
  96  9:01  Probe  
  105  9:11  Stalker  
  105  9:12  Stalker x2  
  105  9:15  Protoss Air Weapons Level 1  
  105  9:16  Probe  
  78  9:53  Carrier  
  78  9:54  Carrier  
  90  10:03  Zealot x2  
  90  10:04  Zealot x2  
  98  10:32  Nexus  
  98  10:35  Assimilator  
  98  10:38  Assimilator  
  90  10:57  Tempest x2  
  100  11:06  Zealot  
  100  11:07  Zealot x3  
  84  11:40  Tempest  
  84  11:41  Carrier  
  95  11:56  Probe  
  96  12:08  Probe  
  97  12:20  Probe  
  98  12:23  Tempest  
  98  12:28  Pylon  
  103  12:32  Probe  
  100  12:44  Probe, Tempest  
  90  13:05  Probe  
  87  13:06  Carrier  
  90  13:17  Probe  
  79  13:27  Tempest  
  79  13:29  Probe  
  75  13:41  Probe  
Show
View Real Time Build Order
Export as new Build Order

Mogli Zerg - Winner!

Build Orders: Hatch First 

Get SALT Encoding   

  12  0:00  Drone  
  13  0:12  Overlord  
  13  0:18  Drone  
  14  0:31  Drone x2  
  16  0:53  Hatchery  
  16  0:54  Drone  
  16  0:58  Drone  
  16  1:02  Drone  
  18  1:13  Extractor  
  17  1:18  Spawning Pool  
  17  1:21  Drone  
  17  1:25  Drone  
  18  1:28  Drone  
  19  1:39  Drone  
  20  1:50  Overlord  
  20  2:00  Drone  
  21  2:05  Queen x2  
  21  2:06  Zergling x2  
  26  2:12  Zergling x2  
  26  2:15  Metabolic Boost  
  27  2:22  Drone  
  28  2:24  Drone  
  28  2:27  Drone  
  30  2:36  Overlord  
  30  2:40  Queen  
  32  2:52  Drone  
  32  2:53  Drone x2  
  35  3:03  Pneumatized Carapace  
  35  3:06  Drone x3  
  38  3:14  Drone x3  
  38  3:16  Queen  
  38  3:17  Overlord  
  43  3:37  Zergling x10  
  48  3:45  Overlord  
  48  4:00  Spore Crawler  
  48  4:01  Lair  
  47  4:04  Extractor, Drone x3  
  47  4:07  Overlord  
  47  4:08  Hatchery  
  47  4:09  Drone  
  51  4:10  Drone x2  
  50  4:45  Roach Warren  
  49  4:46  Evolution Chamber  
  49  4:48  Evolution Chamber  
  47  4:57  Drone x8  
  47  4:58  Overlord  
  55  5:09  Queen  
  55  5:10  Queen  
  55  5:14  Zerg Missile Weapons Level 1  
  59  5:21  Drone x4  
  63  5:27  Queen  
  65  5:30  Overlord x2  
  65  5:32  Roach  
  65  5:33  Roach x4  
  65  5:34  Glial Reconstitution  
  75  6:00  Ravager x2  
  75  6:02  Roach x2  
  81  6:06  Extractor  
  81  6:07  Extractor  
  79  6:13  Drone x15  
  94  6:18  Extractor  
  94  6:20  Extractor  
  94  6:22  Spore Crawler  
  91  6:37  Roach x3  
  91  6:39  Overlord x6  
  97  7:00  Roach  
  97  7:01  Roach x8  
  113  7:19  Roach  
  113  7:20  Roach x8  
  131  7:35  Drone x8  
  139  7:40  Hatchery  
  138  7:50  Zerg Missile Weapons Level 2  
  138  7:52  Zerg Ground Armor Level 1  
  138  7:53  Roach x3  
  138  7:57  Ravager  
  145  8:05  Drone  
  146  8:06  Overlord x2  
  146  8:07  Overlord  
  146  8:32  Spore Crawler  
  145  8:37  Spire  
  145  8:40  Hydralisk Den  
  145  8:41  Infestation Pit, Roach x11  
  150  8:42  Roach x2  
  150  8:44  Overlord x3  
  150  8:45  Overlord  
  168  9:11  Roach x5, Extractor  
  168  9:12  Roach x11  
  168  9:17  Extractor  
  198  9:19  Hive  
  198  9:24  Drone  
  198  9:25  Drone  
  177  9:47  Hydralisk x2  
  177  9:48  Hydralisk x8  
  195  10:05  Lurker Den  
  195  10:06  Hydralisk x3  
  196  10:08  Grooved Spines  
  200  10:37  Zerg Ground Armor Level 2, Zerg Missile Weapons Level 3  
  180  11:02  Hydralisk x12  
  186  11:16  Hydralisk  
  186  11:17  Hydralisk x4  
  168  11:36  Hydralisk x7  
  182  11:45  Nydus Network  
  182  11:46  Hydralisk  
  183  11:56  Drone  
  183  11:57  Drone x2  
  146  13:01  Hydralisk x21  
  146  13:02  Hydralisk x3  
  188  13:20  Hydralisk x5  
  190  13:39  Hydralisk x5  
  190  13:40  Hydralisk  
Tags
 
Composition
Carriers
Matchup
PvZ
Replay Pack
Up to May 28th
Spawn Locations
Cross Positions
Add a new tag
Caveats
  • Supply blocks, unpowered buildings, or Contaminate may cause inaccurate times.
  • Supply counts are checked every 10 seconds.